 Dungeon Crawl Stone Soup version 0.30-a0-793-g160f7cfddd (webtiles) character file.

Game seed: 14141070273782496808

369 fleeber the Slasher (level 6, -3/72 HPs)
             Began as a Merfolk Gladiator on Feb 20, 2023.
             Slain by Pikel
             ... wielding a +2 whip of electrocution
              (11 damage)
             ... on level 4 of the Dungeon.
             The game lasted 00:12:15 (3415 turns).

fleeber the Slasher (Merfolk Gladiator)             Turns: 3415, Time: 00:12:16

Health: -3/72      AC: 23    Str: 14    XL:     6   Next: 70%
Magic:  6/6        EV:  2    Int:  7    God:
Gold:   191        SH:  0    Dex: 18    Spells: 5/5 levels left

rFire   . . .      SeeInvis .    a - +0 long sword
rCold   . . .      Faith    .    (no shield)
rNeg    . . .      Spirit   .    (body armour currently unavailable)
rPois   +          Reflect  .    (helmet currently unavailable)
rElec   .          Harm     .    (cloak currently unavailable)
rCorr   .          Rampage  .    (gloves currently unavailable)
Will    .....      NoTele   +    (boots currently unavailable)
Stlth   ++                       (no amulet)
HPRegen 0.32/turn                i - +5 ring of evasion
MPRegen 0.10/turn                (no ring)

@: tree-form
A: stationary, stasis, torment immunity, boosted hp, (nimble swimmer 2),
(mertail)
a: no special abilities


You were on level 4 of the Dungeon.
You were a tree.
You visited 1 branch of the dungeon, and saw 5 of its levels.

You collected 191 gold pieces.

Inventory:

Hand Weapons
 a - a +0 long sword (weapon)
Missiles
 d - 3 throwing nets
 p - 2 poisoned darts (quivered)
Armour
 c - a +0 helmet (melded)
 j - a +3 leather armour (melded)
Jewellery
 i - a +5 ring of evasion (left branch)
 u - a ring of wizardry
 v - a ring of wizardry
Wands
 s - a wand of polymorph (7)
Scrolls
 b - a scroll of enchant armour {unknown}
 f - a scroll of noise {unknown}
 n - 3 scrolls of vulnerability
 o - a scroll of poison {unknown}
 q - a scroll of teleportation {unknown}
 r - a scroll of fog {unknown}
 x - a scroll of enchant weapon {unknown}
Potions
 g - 2 potions of degeneration
 h - 4 potions of curing
 k - 2 potions of lignification
 l - a potion of resistance
 m - 2 potions of flight {unknown}
 t - a potion of mutation {unknown}
 w - 2 potions of heal wounds {unknown}


   Skills:
 + Level 4.1 Fighting
 * Level 6.7 Long Blades
 - Level 2.0 Throwing
 + Level 5.9 Dodging


You had 5 spell levels left.
You didn't know any spells.
Your spell library contained the following spells:

 Spells                   Type           Power      Damage    Failure   Level
 Cigotuvi's Dreadful Rot  Necr/Pois/Air  0%         N/A       56%         2
 Cause Fear               Hex            0%         N/A       99%         4
 Dispel Undead            Necr           0%         3d6       99%         4
 Death Channel            Necr           0%         N/A       100%        6
 Dragon Form              Tmut           0%         N/A       100%        7
 Dragon's Call            Summ           0%         N/A       100%        9


Dungeon Overview and Level Annotations

Branches:
Dungeon (5/15)
 Temple: D:4-7

Altars:
Nemelex Xobeh

Shops:
D:1 =   D:3 [

Annotations:
D:2 1 runed translucent door, Crazy Yiuf
D:4 1 transporter, Pikel; oldplebian's ghost, amateur MiBe


Innate Abilities, Weirdness & Mutations

You are a tree.
Your roots penetrate the ground, keeping you stationary.
You cannot be teleported.
You are immune to unholy pain and torment.
Your maximum health is greatly increased.
Your equipment is partially melded.
((You are very nimble when in or above water. (Stealth+, EV+, Speed+++)))
((Your lower body shifts to a powerful aquatic tail in water.))


Message History

Pikel hits you with a +2 whip of electrocution!
You closely miss Pikel.
Pikel is moderately wounded.
Pikel hits you but does no damage.
You miss Pikel.
Pikel is moderately wounded.
Pikel closely misses you.
You closely miss Pikel.
Pikel is moderately wounded.
Pikel hits you but does no damage.
You are electrocuted!
Really quaff the potion of lignification?
You turn into a tree.
Your +0 helmet melds into your body.
Your +3 leather armour melds into your body.
Your roots penetrate the ground.
Pikel hits you but does no damage.
You miss Pikel.
Pikel is moderately wounded.
Pikel hits you but does no damage.
You slash Pikel!
Pikel is heavily wounded.
Pikel hits you with a +2 whip of electrocution!
You closely miss Pikel.
Pikel is heavily wounded.
Pikel hits you with a +2 whip of electrocution.
You are electrocuted!!
* * * LOW HITPOINT WARNING * * *
You hit Pikel but do no damage.
Pikel is heavily wounded.
Pikel says, "Antaeus said I was his favorite kobold.
Me!"
Pikel hits you but does no damage.
You closely miss Pikel.
Pikel is heavily wounded.
Pikel hits you but does no damage.
Pikel hits you with a +2 whip of electrocution.
* * * LOW HITPOINT WARNING * * *
You hit Pikel.
Pikel is severely wounded.
Pikel hits you with a +2 whip of electrocution.
* * * LOW HITPOINT WARNING * * *
You are electrocuted!
You die...

.#..## .###...##..#...#.....###.
##K.#.##^..##..##.##..#.....###..
#..##...# .#..#..#.......####...
##.(.#### ##..##K#.....### #...
.<..[(.©####....###.r.#÷# #...
##...[.(.##.............######..<
.#...............................
.........................######..
#...##...(.....K♣..>.....#...#...
###############..................
#..<...............
#...#..............
#.>.#..............
#####...........#..
#......#...###. ############ ##


You could see Pikel, a quokka and a kobold.

Vanquished Creatures
  Menkaure (D:4)
  4 lemures
  A scorpion (D:4)
  An iguana (D:4)
  Natasha (twice) (D:4)
  4 adders
  A gnoll (D:1)
  3 worms (D:2)
  An orc (D:3)
  5 ball pythons
  4 bats
  5 endoplasms
  5 giant cockroaches
  5 goblins
  6 hobgoblins
  3 jackals (D:4)
  A quokka (D:2)
  4 frilled lizards
  2 kobolds
  11 rats
69 creatures vanquished.

Notes
Turn   | Place    | Note
-------+----------+-------------------------------------------
     0 | D:1      | fleeber the Merfolk Gladiator began the quest for the Orb.
     0 | D:1      | Reached XP level 1. HP: 16/16 MP: 1/1
    62 | D:1      | Found Ojase's Jewellery Shoppe.
   177 | D:1      | Reached skill level 4 in Long Blades
   177 | D:1      | Reached XP level 2. HP: 21/23 MP: 2/2
   618 | D:1      | Reached XP level 3. HP: 21/28 MP: 3/3
   721 | D:2      | Found a faded altar of an unknown god.
   743 | D:2      | Found a sparkling altar of Nemelex Xobeh.
  1055 | D:2      | Reached XP level 4. HP: 24/34 MP: 4/4
  1157 | D:2      | Found a runed translucent door.
  1158 | D:2      | Noticed Crazy Yiuf
  1527 | D:3      | Found Mehem's Armour Shop.
  1543 | D:3      | Reached skill level 5 in Long Blades
  2083 | D:3      | Reached skill level 5 in Dodging
  2515 | D:4      | Found a transporter.
  2594 | D:4      | Noticed a lemure
  2619 | D:4      | Killed a lemure
  2672 | D:4      | Noticed Menkaure
  2685 | D:4      | Killed Menkaure
  2686 | D:4      | Reached skill level 6 in Long Blades
  2686 | D:4      | Reached XP level 5. HP: 23/42 MP: 5/5
  2686 | D:4      | Reached XP level 6. HP: 26/48 MP: 6/6
  2785 | D:4      | Noticed Pikel
  2880 | D:4      | Noticed Natasha
  3059 | D:4      | Killed Natasha
  3076 | D:4      | You fall into a shaft and drop 1 floor!
  3076 | D:5      | Entered Level 5 of the Dungeon
  3106 | D:4      | Noticed a small abomination
  3114 | D:4      | Noticed oldplebian's ghost (amateur MiBe)
  3224 | D:4      | Noticed Natasha
  3309 | D:4      | Killed Natasha
  3415 | D:4      | Slain by Pikel

Illustrated notes

Levels and vault maps discovered:
D:1:      tarquinn_simple_flora_water_a, layout_basic, serial_shops, shop
D:2:      layout_basic, ebering_ecumenical_altar_petrified, basic_altar,
          uniq_crazy_yiuf_cottage
D:3:      layout_loops_corners, serial_shops, shop_statue
D:4:      layout_rooms, gammafunk_ghost_abyssal_escape, uniq_natasha,
          uniq_pikel, uniq_menkaure
D:5:      layout_loops_ring, cheibrodos_sewer_entry_drain,
          lightli_ossuary_entry_decrepit_ruins,
          eino_small_chamber_without_monster, kennysheep_generic_room_7

Skill      XL: |  1  2  3  4  5  6 |
---------------+-------------------+-----
Long Blades    | 4 6 |  6.7
Fighting       | 3 4 |  4.1
Dodging        | 5 |  5.9
Throwing       | |  2.0

Action                     |  1- 3 |  4- 6 || total
---------------------------+-------+-------++-------
  Melee: Long sword        |   111 |   152 ||   263
         Punch             |       |     5 ||     5
  Throw: Dart              |       |     3 ||     3
         Javelin           |       |     1 ||     1
    Use: Scroll            |       |     4 ||     4
         Potion            |       |     1 ||     1
   Stab: Sleeping          |     1 |     1 ||     2
 Armour: Leather armour    |    18 |    24 ||    42
         Skin              |       |     4 ||     4
  Dodge: Dodged            |   102 |   131 ||   233

Table legend: (Time is in decaauts)
 A = Elapsed time spent in this place.
 B = Non-inter-level travel time spent in this place.
 C = Inter-level travel time spent in this place.
 D = Time resting spent in this place.
 E = Time spent auto-exploring this place.
 F = Levels seen in this place.
 G = Mean time per level.
                   A        B        C        D        E       F      G
               +--------+--------+--------+--------+--------+-----+--------+
         Total |   3453 |   3264 |    189 |    414 |   1900 |   5 |  690.6 |
       Dungeon |   3453 |   3264 |    189 |    414 |   1900 |   5 |  690.6 |
               +--------+--------+--------+--------+--------+-----+--------+

Top non-repeatable levels by time:
     D:3: 1140 daAuts
     D:2: 831 daAuts
     D:4: 769 daAuts
     D:1: 706 daAuts
     D:5: 5 daAuts
